 Dungeon Crawl Stone Soup version 0.28.0-1-gb440e238dd (webtiles) character file.

Game seed: 15817634943522770243

271 Morbidden the Cudgeller (level 6, 0/48 HPs)
             Began as a Demonspawn Cinder Acolyte on Feb 21, 2022.
             Was a Follower of Ignis.
             Slain by an orc warrior (4 damage)
             ... on level 3 of the Dungeon.
             The game lasted 00:02:53 (2795 turns).

Morbidden the Cudgeller (Demonspawn Cinder Acolyte) Turns: 2795, Time: 00:02:54

Health: 0/48       AC: 11    Str: 17    XL:     6   Next: 2%
Magic:  8/8        EV: 15    Int: 15    God:    Ignis [*.....]
Gold:   140        SH:  0    Dex:  8    Spells: 8/8 levels left

rFire   + . .      SeeInvis .   a - -1 mace (flame)
rCold   . . .      Faith    .   (no shield)
rNeg    . . .      Spirit   .   b - +0 robe
rPois   .          Reflect  .   (no helmet)
rElec   .          Harm     .   j - scarf {repulsion}
rCorr   .          Rampage  .   (no gloves)
Will    .....                   (no boots)
Stlth   +.........              (no amulet)
HPRegen 0.16/turn               m - +4 ring of evasion
MPRegen 0.11/turn               (no ring)

@: fiery-armoured, repel missiles
A: icy blue scales 1, powered by death 2
a: Renounce Religion, Fiery Armour, Foxfire Swarm, Rising Flame


You were on level 3 of the Dungeon.
You worshipped Ignis.
Ignis was aware of your devotion.
You visited 1 branch of the dungeon, and saw 3 of its levels.

You collected 140 gold pieces.

Inventory:

Hand Weapons
 a - a -1 mace of flaming (weapon)
Missiles
 k - 3 poisoned darts (quivered)
Armour
 b - a +0 robe (worn)
 j - a scarf of repulsion (worn)
Jewellery
 m - a +4 ring of evasion (left hand)
Scrolls
 c - a scroll of holy word {unknown}
 f - 3 scrolls of noise {unknown}
 g - 4 scrolls of identify {unknown}
 h - a scroll of brand weapon {unknown}
 l - a scroll of torment {unknown}
Potions
 d - 2 potions of heal wounds
 e - a potion of lignification {unknown}
 i - a potion of curing {unknown}


   Skills:
 * Level 4.0 Fighting
 * Level 4.4 Maces & Flails
 + Level 1.2 Dodging
 + Level 0.8 Stealth
 * Level 1.5 Spellcasting
 * Level 3.7 Fire Magic


You had 8 spell levels left.
You didn't know any spells.
Your spell library contained the following spells:

 Spells                   Type           Power      Damage    Failure   Level
 Scorch                   Fire           24%        2d6       8%          2
 Animate Skeleton         Necr           2%         N/A       24%         1
 Magic Dart               Conj           4%         1d3       24%         1
 Pain                     Necr           4%         1d4       24%         1
 Summon Small Mammal      Summ           4%         N/A       24%         1
 Call Imp                 Summ           1%         N/A       34%         2
 Call Canine Familiar     Summ           1%         N/A       56%         3
 Mephitic Cloud           Conj/Pois/Air  1%         N/A       56%         3
 Summon Guardian Golem    Hex/Summ       1%         N/A       56%         3
 Vampiric Draining        Necr           1%         2d6       56%         3


Dungeon Overview and Level Annotations

Branches:
Dungeon (3/15)

Altars:
Elyvilon
Xom


Innate Abilities, Weirdness & Mutations

You are partially covered in icy blue scales. (AC +2)
You regenerate health from kills.


Message History

An orc wizard appears from thin air!
Reactivating autopickup.
The orc wizard mumbles some strange words.
The orc wizard flickers and vanishes!
Deactivating autopickup; reactivate with Ctrl-A.
Okay, then.
Unknown command.
Activating: Foxfire Swarm
Press: ? - help, Dir - look around, f - activate Flames leap up around you!
You hear some strange, mumbled words.
A magic dart appears from out of thin air!
The magic dart hits you.
* * * LOW HITPOINT WARNING * * *
The foxfire hits the orc.
The orc is moderately wounded.
Unknown command.
Unknown command.
Your foxfire dissipates!
The foxfire hits something but does no damage.
The foxfire hits the orc warrior.
The orc warrior is moderately wounded.
The foxfire hits something but does no damage.
The foxfire hits something.
The foxfire hits the orc warrior but does no damage.
The orc warrior is moderately wounded.
The foxfire hits the orc warrior but does no damage.
The orc warrior is moderately wounded.
The foxfire hits something.
The foxfire hits the orc warrior but does no damage.
The orc warrior is moderately wounded.
The foxfire hits the orc warrior.
The orc warrior is heavily wounded.
Unknown command.
Unknown command.
Activating: Foxfire Swarm
Press: ? - help, Dir - look around, f - activate Flames leap up around you!
The orc warrior hits you with a +1 short sword of electrocution.
You die...

#.# # #.# # #.# #
#.# # #.###########
#
#...........#######
##
#.#######.....vvvv#
#.
#.#######.....v.vv#
#.
.............ovo@v#
#.
#.#########.#######
#. #.# #v# #######.
#.# #.# #.......
#.# #.# #.#####.
#.# #.# #.# #. #.#
#.# #.# #. #.# #.#
###.# #. oo{o..(.#
#.#.#####.


You could see an orc warrior (ally target) and an orc (ally target).

Vanquished Creatures
  A water moccasin (D:3)
  An orc priest (D:3)
  Jessica (D:2)
  Natasha (D:3)
  2 worms (D:2)
  9 orcs (D:3)
  6 ball pythons
  5 bats
  8 endoplasms
  3 giant cockroaches
  3 goblins (D:2)
  5 hobgoblins
  7 jackals
  6 kobolds
  2 quokkas (D:3)
  3 frilled lizards (D:1)
  7 rats
70 creatures vanquished.

Vanquished Creatures (others)
  51 foxfires
51 creatures vanquished.

Grand Total: 121 creatures vanquished

Notes
Turn   | Place    | Note
-------+----------+-------------------------------------------
     0 | D:1      | Morbidden the Demonspawn Cinder Acolyte began the quest for
                  | the Orb.
     0 | D:1      | Reached XP level 1. HP: 18/18 MP: 2/2
   252 | D:1      | Gained mutation: You regenerate a little health from kills.
                  | [demonic ancestry]
   252 | D:1      | Reached XP level 2. HP: 20/24 MP: 3/3
   568 | D:1      | Found a faded altar of an unknown god.
   988 | D:2      | Gained mutation: You regenerate health from kills. [demonic
                  | ancestry]
   988 | D:2      | Reached XP level 3. HP: 19/29 MP: 4/4
  1118 | D:2      | Found a shimmering altar of Xom.
  1265 | D:2      | Noticed Jessica
  1284 | D:2      | Killed Jessica
  1285 | D:2      | Reached XP level 4. HP: 18/35 MP: 5/5
  2060 | D:3      | Noticed a water moccasin
  2072 | D:3      | Killed a water moccasin
  2073 | D:3      | Gained mutation: You are partially covered in icy blue
                  | scales. (AC +2) [demonic ancestry]
  2073 | D:3      | Reached XP level 5. HP: 14/42 MP: 5/7
  2353 | D:3      | Reached skill level 1 in Dodging
  2492 | D:3      | Noticed Natasha
  2500 | D:3      | Killed Natasha
  2576 | D:3      | Reached XP level 6. HP: 23/48 MP: 8/8
  2757 | D:3      | Noticed an orc warrior
  2795 | D:3      | Slain by an orc warrior

Illustrated notes

Levels and vault maps discovered:
D:1:      lightli_arrival_quake, layout_loops_ring,
          chequers_ecumenical_altar_island, minmay_misc_feat_cross,
          serial_bayou_pond_c
D:2:      layout_basic, basic_altar, uniq_jessica
D:3:      layout_basic, mainiacjoe_overflow_alcove_1, uniq_natasha

Skill      XL: |  1  2  3  4  5 |
---------------+----------------+-----
Fire Magic     | 3 |  3.7
Maces & Flails | 3 4 |  4.4
Dodging        | 1 |  1.2
Fighting       | 4 |  4.0
Stealth        | |  0.8
Spellcasting   | |  1.5

Action                   |  1- 3 |  4- 6 || total
-------------------------+-------+-------++-------
Melee: Mace              |    71 |   104 ||   175
       Punch             |     1 |       ||     1
Invok: Foxfire Swarm     |     1 |     4 ||     5
       Fiery Armour      |     1 |     3 ||     4
  Use: Potion            |       |     1 ||     1
 Stab: Sleeping          |       |     1 ||     1
Armor: Robe              |    21 |    35 ||    56
Dodge: Dodged            |    42 |    54 ||    96
       Repelled          |       |     1 ||     1
